 Dungeon Crawl Stone Soup version 0.24.0-13-gcf9b3192b9 (webtiles) character file.

Game seed: 3125989671831152308, levelgen mode: deterministic

133210 Curus the Tortoise (level 16, -6/159 HPs)
             Began as a Minotaur Fighter on Nov 10, 2019.
             Was the Champion of Makhleb.
             Mangled by a six-headed hydra (11 damage)
             ... on level 1 of the Swamp.
             The game lasted 02:52:04 (24200 turns).

Curus the Tortoise (Minotaur Fighter)              Turns: 24200, Time: 02:52:04

Health: -6/159     AC: 42    Str: 23    XL:     16   Next: 59%
Magic:  24/24      EV: 10    Int:  7    God:    Makhleb [******]
Gold:   1357       SH: 18    Dex: 19    Spells: 15/15 levels left

rFire    . . .     SeeInvis +   H - +8 whip "Snakebite" {curare, rPois}
rCold    . . .     Gourm    .   c - +5 shield
rNeg     + . .     Faith    .   V - +15 plate armour "Gacitt" {rElec Dex+3}
rPois    +         Spirit   .   (helmet restricted)
rElec    +         Reflect  .   a - +2 cloak {MR+}
rCorr    +         Harm     .   Q - +1 pair of gloves of Zuich {Str+3}
MR       ++...                  x - +0 pair of boots of Conscience {rCorr}
Stlth    ..........             J - amulet of regeneration
HPRegen  0.76/turn              G - ring of positive energy
MPRegen  0.19/turn              r - +3 ring of evasion

@: very slightly contaminated
A: retaliatory headbutt, horns 2, talons 1, see invisible, MP-powered wands
a: Minor Destruction, Lesser Servant of Makhleb, Major Destruction, Greater
Servant of Makhleb, Renounce Religion


You were on level 1 of the Swamp.
You worshipped Makhleb.
Makhleb was exalted by your worship.
You were very hungry.

You visited 5 branches of the dungeon, and saw 26 of its levels.
You also visited: Gauntlet and Ice Cave.

You collected 2957 gold pieces.
You spent 1600 gold pieces at shops.

Inventory:

Hand Weapons
 F - a +0 morningstar
 H - the +8 whip "Snakebite" (weapon) {curare, rPois}
   (You found it on level 2 of the Lair of Beasts)

   It poisons the flesh of those it strikes.
   It protects you from poison.
 T - a +4 flail of holy wrath
Armour
 a - a +2 cloak of magic resistance (worn)
 c - a +5 shield (worn)
 x - the +0 pair of boots of Conscience (worn) {rCorr}
   (You found it on level 12 of the Dungeon)

   It provides partial protection from all sources of acid and corrosion.
 Q - the +1 pair of gloves of Zuich (worn) {Str+3}
   (You found it on level 4 of the Lair of Beasts)

   It affects your strength (+3).
 V - the +15 plate armour "Gacitt" (worn) {rElec Dex+3}
   (You bought it in a shop on level 2 of the Orcish Mines)

   It affects your dexterity (+3).
   It insulates you from electricity.
 W - a +1 chain mail of cold resistance
Jewellery
 d - an uncursed ring of ice
 n - an uncursed ring of magical power
 r - a +3 ring of evasion (right hand)
 u - an uncursed ring of flight
 y - an uncursed ring of protection from magic
 G - a ring of positive energy (left hand)
 J - an amulet of regeneration (around neck)
 N - an uncursed ring of fire
 Y - the ring "Nainibo" {MP+9 Int+3}
   (You found it on level 15 of the Dungeon)

   [ring of magical power]

   It affects your intelligence (+3).
   It affects your magic capacity (+9).
 Z - the cursed ring of Wyttollu {rPois rF- Int+2 Dex-2 SInv}
   (You took it off a minotaur in a Gauntlet)

   [ring of dexterity]

   It affects your intelligence (+2).
   It affects your dexterity (-2).
   It makes you vulnerable to fire.
   It protects you from poison.
   It lets you see invisible.
   It has a curse placed upon it.
Wands
 b - a wand of random effects (25)
 m - a wand of polymorph (8)
 A - a wand of acid (22)
 E - a wand of digging (19)
 I - a wand of scattershot (5)
 K - a wand of iceblast (25)
 L - a wand of flame (11)
 S - a wand of disintegration (47)
Scrolls
 h - 7 scrolls of fear
 i - 4 scrolls of amnesia
 j - 29 scrolls of identify
 l - 7 scrolls of remove curse
 v - 9 scrolls of teleportation
 w - 6 scrolls of fog
 z - 2 scrolls of blinking
 C - 3 scrolls of enchant armour
 P - 4 scrolls of enchant weapon
 R - 4 scrolls of magic mapping
Potions
 e - 5 potions of mutation
 g - a potion of berserk rage
 k - 5 potions of flight
 o - 8 potions of heal wounds
 p - a potion of invisibility
 q - 8 potions of haste
 s - 10 potions of curing
 B - 3 potions of magic
 D - a potion of brilliance
 M - a potion of resistance
 O - a potion of ambrosia
 U - a potion of might
 X - a potion of agility
Comestibles
 f - 48 rations


   Skills:
 + Level 18.7 Fighting
 - Level 14.0 Maces & Flails
 + Level 18.7 Armour
 - Level 10.0 Shields
 - Level 12.0 Invocations
 - Level 6.2 Evocations


You had 15 spell levels left.
You didn't know any spells.
Your spell library contained the following spells:

 Spells                   Type           Power        Failure   Level  Hunger
 Beastly Appendage        Tmut           #.....       99%         1    ##.....
 Confusing Touch          Hex            #.....       99%         1    ##.....
 Corona                   Hex            #......      99%         1    ##.....
 Flame Tongue             Conj/Fire      #....        99%         1    ##.....
 Freeze                   Ice            #...         99%         1    ##.....
 Infusion                 Chrm           #...         99%         1    ##.....
 Sting                    Conj/Pois      #...         99%         1    ##.....
 Summon Small Mammal      Summ           #...         99%         1    ##.....
 Call Imp                 Summ           #.......     100%        2    ###....
 Corpse Rot               Necr           N/A          100%        2    ###....
 Poisonous Vapours        Pois/Air       #.....       100%        2    ###....
 Shroud of Golubria       Chrm/Tloc      #.....       100%        2    ###....
 Slow                     Hex            #.......     100%        2    ###....
 Song of Slaying          Chrm           #.......     100%        2    ###....
 Sticks to Snakes         Tmut           #.......     100%        2    ###....
 Throw Flame              Conj/Fire      #.....       100%        2    ###....
 Throw Frost              Conj/Ice       #.....       100%        2    ###....
 Call Canine Familiar     Summ           #.......     100%        3    ####...
 Confuse                  Hex            #.......     100%        3    ####...
 Conjure Flame            Conj/Fire      #.......     100%        3    ####...
 Gell's Gravitas          Tloc           #.........   100%        3    ####...
 Inner Flame              Hex/Fire       #.......     100%        3    ####...
 Mephitic Cloud           Conj/Pois/Air  #.......     100%        3    ####...
 Ozocubu's Armour         Chrm/Ice       #.......     100%        3    ####...
 Portal Projectile        Hex/Tloc       #.....       100%        3    ####...
 Recall                   Summ/Tloc      N/A          100%        3    ####...
 Regeneration             Chrm/Necr      #.........   100%        3    ####...
 Spectral Weapon          Hex/Chrm       #.......     100%        3    ####...
 Spider Form              Tmut/Pois      #.........   100%        3    ####...
 Stone Arrow              Conj/Erth      #.....       100%        3    ####...
 Summon Guardian Golem    Hex/Summ       #.......     100%        3    ####...
 Animate Dead             Necr           N/A          100%        4    #####..
 Cause Fear               Hex            #.........   100%        4    #####..
 Ice Form                 Ice/Tmut       #.......     100%        4    #####..
 Leda's Liquefaction      Hex/Erth       #.........   100%        4    #####..
 Olgreb's Toxic Radiance  Pois           #.......     100%        4    #####..
 Petrify                  Tmut/Erth      #.......     100%        4    #####..
 Sticky Flame             Conj/Fire      #.......     100%        4    #####..
 Summon Ice Beast         Ice/Summ       #.......     100%        4    #####..
 Summon Lightning Spire   Summ/Air       #.......     100%        4    #####..
 Throw Icicle             Conj/Ice       #.......     100%        4    #####..
 Blade Hands              Tmut           #.........   100%        5    ######.
 Borgnjor's Vile Clutch   Necr/Erth      #.........   100%        5    ######.
 Excruciating Wounds      Chrm/Necr      #.........   100%        5    ######.
 Fireball                 Conj/Fire      #.........   100%        5    ######.
 Metabolic Englaciation   Hex/Ice        #.........   100%        5    ######.
 Summon Forest            Summ/Tloc      #.........   100%        5    ######.
 Venom Bolt               Conj/Pois      #.........   100%        5    ######.
 Yara's Violent Unravell  Hex/Tmut       #.........   100%        5    ######.
 Bolt of Cold             Conj/Ice       #.........   100%        6    #######
 Death Channel            Necr           #.........   100%        6    #######
 Freezing Cloud           Conj/Ice/Air   #.........   100%        6    #######
 Hydra Form               Tmut           #.........   100%        6    #######
 Ozocubu's Refrigeration  Ice            #.........   100%        6    #######
 Simulacrum               Ice/Necr       #.........   100%        6    #######
 Ring of Flames           Chrm/Fire      #.........   100%        7    #######
 Summon Hydra             Summ           #.........   100%        7    #######


Dungeon Overview and Level Annotations

Branches:
Dungeon (15/15)            Temple (1/1) D:5            Lair (6/6) D:9
  Swamp (2/4) Lair:4       Spider (0/4) Lair:3        Slime (0/5) Lair:5
    Orc (2/2) D:11            Elf (0/3) Orc:2        Vaults (0/5) D:13
 Depths (0/5) D:15          IceCv (visited)         Gauntlet (visited)

Altars:
Ashenzari
Cheibriados
Dithmenos
Elyvilon
Gozag
Hepliaklqana
Kikubaaqudgha
Makhleb
Okawaru
Ru
Sif Muna
Uskayaw
Wu Jian
Xom
Zin
The Shining One
Beogh

Shops:
D:5 *   D:12 !   D:14 :   Orc:2 ?%:[

Portals:
Pandemonium: Orc:2

Annotations:
Lair:5 exclusion: 3 oklob plants


Innate Abilities, Weirdness & Mutations

You reflexively headbutt those who attack you in melee.
You have a pair of horns on your head.
You have sharp toenails.
You have supernaturally acute eyesight. (SInv)
You expend magic power (3 MP) to strengthen your wands.


Message History

You climb upwards.
You feel yourself speed up.
There is a stone staircase leading down here.
Unknown command.
A demon appears!
The six-headed hydra barely misses you.
The six-headed hydra completely misses you.
The six-headed hydra bites you but does no damage. x2
You block the six-headed hydra's attack.
The six-headed hydra bites you!
* * * LOW HITPOINT WARNING * * *
You block the swamp dragon's attack.
The swamp dragon claws you but does no damage.
You block the swamp dragon's attack. You block the tyrant leech's attack.
The bog body hits you but does no damage.
The bog body closely misses you.
The six-headed hydra bites you but does no damage.
You block the six-headed hydra's attack.
The six-headed hydra bites you but does no damage.
The six-headed hydra bites you!
You die...

≈≈.....≈≈≈≈♣≈.♣.≈.♣ ♣♣.♣≈♣....♣
≈≈.≈≈.≈≈≈≈≈≈≈.....♣♣♣♣♣≈..♣...§≈.
≈≈.≈≈...≈...≈....≈...♣♣≈.♣##'##.♣
.≈.≈≈≈.≈≈≈≈..≈≈≈≈≈≈≈≈≈≈..♣#.≈.#♣♣
..§≈≈♣.≈......≈≈≈≈≈≈§...♣♣#.≈.#
♣♣♣......≈≈..≈≈≈≈≈≈≈≈≈.♣♣ #.≈.#
♣♣.♣≈.≈≈≈..≈≈≈wn.≈≈≈≈♣ #.≈.#
♣..♣♣.≈≈≈≈≈≈≈≈≈D≈2≈≈≈♣ #.[.#
♣♣..≈≈.≈.≈.≈≈≈@D≈≈≈≈.♣♣♣#####
♣.♣≈≈...≈≈≈≈≈≈≈≈≈≈≈.≈.♣♣ ♣
♣♣≈≈♣≈≈...≈≈≈≈≈≈≈≈≈.≈..♣♣ ♣ ♣
♣.......♣.≈.≈≈≈≈§≈.≈≈≈..♣♣♣♣♣♣
♣♣♣♣♣.≈.≈♣♣♣......≈≈.♣.≈≈..≈...♣.
..♣.♣...♣♣ ♣♣.≈.♣......≈♣.≈....≈.
≈......♣♣ ♣.≈≈....≈♣♣.♣..≈≈...≈.
≈≈..♣...♣ ♣♣≈≈≈≈≈≈.♣♣♣.♣≈≈.≈..≈.
.≈≈.♣..♣♣ ♣♣≈≈≈≈≈♣♣ ♣♣..≈♣≈...≈


You could see a six-headed hydra (berserk), a swamp dragon, a tyrant leech, a
bog body and a friendly blizzard demon.

Vanquished Creatures
  A frost giant (IceCv)
  The ghost of Linguinho the Thrower, a journeyman TrFi of the Shining One (Lair:5)
  The ghost of Raviolo the Warrior, a journeyman MiBe of Trog (Lair:6)
  The ghost of PentaManta the Sharpshooter, a journeyman KoHu of Okawaru (Swamp:1)
  A dire elephant (D:15)
  A minotaur (Gauntlet)
  A great orb of eyes (Gauntlet)
  Fannar (D:11)
  Harold (D:9)
  2 vault guards (D:13)
  9 hydras
  A shambling mangrove (Swamp:1)
  An ogre mage (Orc:1)
  7 two-headed ogres
  3 centaur warriors
  4 alligators
  2 tengu warriors (D:14)
  A dancing weapon (Lair:6)
  16 death yaks
  10 orc high priests (Orc:2)
  The ghost of duckybubbers the Fighter, a novice MiBe of Cheibriados (D:7)
  3 soul eaters (Orc:2)
  An unseen horror (D:11)
  2 infernal demonspawn (Orc:2)
  3 sixfirhies (Gauntlet)
  A torturous demonspawn (Orc:2)
  2 wizards (D:13)
  A swamp dragon (Swamp:1)
  Pikel (D:4)
  13 orc knights
  5 lindwurms
  2 necromancers (D:13)
  4 orc sorcerers (Orc:2)
  A manticore (D:13)
  4 cyclopes
  7 ugly things
  3 wolf spiders
  A deep elf mage (D:14)
  12 elephants
  9 black mambas
  A guardian serpent (Lair:6)
  A guardian serpent (shapeshifter) (D:13)
  An ice statue (IceCv)
  A smoke demon (Orc:2)
  18 spiny frogs
  A gargoyle (D:15)
  7 komodo dragons
  2 rime drakes
  An efreet (D:15)
  22 polar bears
  7 trolls
  2 wolf spider simulacra
  5 slime creatures
  A bog body (Swamp:1)
  2 hornets (Lair:6)
  2 raiju (Lair:6)
  5 blink frogs (Lair:5)
  6 hippogriffs
  2 redbacks (Lair:6)
  3 hogs (D:8)
  13 wyverns
  2 shadows
  19 humans
  Eustachio (D:5)
  47 yaks
  6 basilisks
  A human (shapeshifter) (D:15)
  7 vampire mosquitoes
  A hungry ghost (D:10)
  9 wargs
  Menkaure (D:4)
  6 swamp worms
  15 insubstantial wisps (Swamp:1)
  2 acid dragons (D:12)
  20 water moccasins
  11 porcupines
  15 hell hounds (Lair:6)
  37 orc warriors
  12 black bears
  4 sky beasts
  A swamp drake (Swamp:1)
  4 ice beasts
  A slave (D:4)
  A hornet zombie (D:13)
  2 phantoms
  16 ogres
  2 eyes of draining (D:9)
  41 wolves
  10 centaurs
  5 crocodiles
  The ghost of AlterAsc the Ruffian, an amateur VSTm (D:3)
  16 bullfrogs
  A gnoll sergeant (D:7)
  4 scorpions
  A water moccasin skeleton (D:7)
  5 killer bees (D:13)
  An electric eel (Lair:4)
  6 howler monkeys
  4 crimson imps
  2 bullfrog zombies
  A centaur zombie (D:9)
  4 jellies
  A quasit (D:11)
  2 centaur skeletons
  24 orc wizards
  35 orc priests
  Crazy Yiuf (D:4)
  6 hounds
  3 iguanas
  2 bullfrog skeletons
  8 worker ants
  2 hound zombies
  2 hound skeletons
  A mummy (D:7)
  4 worker ant zombies
  4 gnolls (D:7)
  A howler monkey skeleton (D:8)
  13 adders
  A shadow imp (D:7)
  12 white imps (D:12)
  5 worms
  A dart slug (D:2)
  4 leopard geckos
  78 orcs
  A bat zombie (D:6)
  8 giant cockroaches
  6 goblins
  4 hobgoblins
  3 quokkas
  2 ball pythons (D:1)
  8 bats
  5 frilled lizards
  4 kobolds
  3 quokka skeletons
  9 rats
  3 rat zombies (D:6)
  2 plants (Lair:6)
857 creatures vanquished.

Vanquished Creatures (collateral kills)
  A komodo dragon (Lair:6)
1 creature vanquished.

Vanquished Creatures (others)
  A centaur skeleton (D:4)
  An orc (D:13)
  7 fungi
  14 plants
  2 withered plants (Lair:5)
25 creatures vanquished.

Grand Total: 883 creatures vanquished

Notes
Turn   | Place    | Note
-------+----------+-------------------------------------------
     0 | D:1      | Curus the Minotaur Fighter began the quest for the Orb.
     0 | D:1      | Reached XP level 1. HP: 19/19 MP: 0/0
     9 | D:1      | Gained mutation: You have supernaturally acute eyesight.
                  | (SInv) [potion of mutation]
     9 | D:1      | Gained mutation: You have sharp toenails. [potion of
                  | mutation]
     9 | D:1      | Gained mutation: You expend magic power (3 MP) to
                  | strengthen your wands. [potion of mutation]
   294 | D:1      | Reached XP level 2. HP: 25/26 MP: 1/1
   736 | D:2      | Reached XP level 3. HP: 31/31 MP: 2/2
  1393 | D:3      | Reached skill level 5 in Maces & Flails
  1414 | D:3      | Found a transporter.
  1418 | D:3      | Found a transporter.
  1418 | D:3      | Noticed AlterAsc's ghost (amateur VSTm)
  1460 | D:3      | Reached XP level 4. HP: 34/39 MP: 3/3
  2350 | D:4      | Reached XP level 5. HP: 44/45 MP: 4/4
  2397 | D:4      | Noticed an ogre
  2402 | D:4      | Killed an ogre
  2402 | D:4      | Reached XP level 6. HP: 51/51 MP: 5/5
  2471 | D:4      | Noticed Pikel
  2472 | D:4      | Noticed Menkaure
  2472 | D:4      | Noticed a slave
  2473 | D:4      | Noticed a slave
  2474 | D:4      | Noticed a slave
  2475 | D:4      | Noticed a slave
  2494 | D:4      | Killed a slave
  2499 | D:4      | Killed Pikel
  2500 | D:4      | Killed Menkaure
  2500 | D:4      | Reached XP level 7. HP: 7/57 MP: 6/6
  2986 | D:3      | Killed AlterAsc's ghost
  3113 | D:4      | Found a runed translucent door.
  3114 | D:4      | Noticed Crazy Yiuf
  3249 | D:4      | Killed Crazy Yiuf
  3249 | D:4      | Reached skill level 10 in Maces & Flails
  3285 | D:5      | Entered Level 5 of the Dungeon
  3468 | D:5      | Found a staircase to the Ecumenical Temple.
  3478 | Temple   | Entered the Ecumenical Temple
  3498 | Temple   | Became a worshipper of Makhleb the Destroyer
  3682 | D:5      | Noticed Eustachio
  3694 | D:5      | Killed Eustachio
  3694 | D:5      | Reached XP level 8. HP: 58/64 MP: 7/7
  3781 | D:5      | Found Yshoist's General Store.
  3788 | D:5      | You fall into a shaft and drop 3 floors!
  3862 | D:8      | Noticed a hippogriff
  3877 | D:8      | Killed a hippogriff
  3995 | D:8      | Reached XP level 9. HP: 21/70 MP: 8/8
  4250 | D:7      | Found a sand-covered staircase.
  4443 | D:6      | Reached skill level 5 in Fighting
  4443 | D:6      | Reached skill level 5 in Armour
  4449 | D:6      | Reached * piety under Makhleb
  4635 | D:5      | Bought a potion of heal wounds for 50 gold pieces
  5260 | D:6      | Found an ancient bone altar of Kikubaaqudgha.
  5475 | D:7      | Found a runed translucent door.
  5475 | D:7      | Noticed duckybubbers's ghost (novice MiBe)
  5516 | D:7      | Reached ** piety under Makhleb
  5649 | D:7      | Reached XP level 10. HP: 86/86 MP: 9/9
  6071 | D:7      | Killed duckybubbers's ghost
  6910 | D:9      | Found a shimmering blue altar of Sif Muna.
  6910 | D:9      | Noticed Harold
  6912 | D:9      | Noticed a white ugly thing
  6915 | D:9      | Found a hazy altar of Hepliaklqana.
  6926 | D:9      | Found a glowing silver altar of Zin.
  7541 | D:9      | Found an ornate altar of the Wu Jian Council.
  7714 | D:9      | Reached skill level 10 in Armour
  7719 | D:9      | Reached skill level 10 in Fighting
  7816 | D:9      | Found an opulent altar of Gozag.
  7833 | D:9      | Found a staircase to the Lair.
  7842 | Lair:1   | Entered Level 1 of the Lair of Beasts
  7884 | Lair:1   | Reached skill level 1 in Invocations
  8027 | Lair:1   | Reached skill level 5 in Shields
  8036 | Lair:1   | Reached XP level 11. HP: 40/99 MP: 10/12
  8124 | Lair:1   | Reached *** piety under Makhleb
  8782 | Lair:2   | Noticed a five-headed hydra
  8802 | Lair:1   | Killed a five-headed hydra
  8802 | Lair:1   | Reached skill level 5 in Invocations
  9331 | Lair:2   | Found the +8 whip "Snakebite" {curare, rPois}
  9798 | Lair:2   | Noticed a lindwurm
 10183 | Lair:2   | Noticed a lindwurm
 10202 | Lair:2   | Noticed a lindwurm
 10271 | Lair:3   | Reached skill level 10 in Shields
 10278 | Lair:3   | Reached XP level 12. HP: 106/106 MP: 16/16
 10538 | Lair:3   | Noticed a five-headed hydra
 10546 | Lair:3   | Killed a five-headed hydra
 10766 | Lair:3   | Found a hole to the Spider Nest.
 10928 | Lair:2   | Reached **** piety under Makhleb
 10946 | Lair:2   | Identified the Collected Works on Snow
 11069 | Lair:4   | Reached skill level 10 in Invocations
 11236 | Lair:4   | Noticed an eight-headed hydra
 11243 | Lair:4   | Killed an eight-headed hydra
 11490 | Lair:4   | Got a pair of heavily runed gloves
 11496 | Lair:4   | Identified the +1 pair of gloves of Zuich {Str+3} (You
                  | found it on level 4 of the Lair of Beasts)
 11542 | Lair:4   | Found a staircase to the Swamp.
 12545 | Lair:5   | Found a runed translucent door.
 12558 | Lair:5   | Reached XP level 13. HP: 118/118 MP: 19/19
 12569 | Lair:5   | Noticed Linguinho's ghost (journeyman TrFi)
 12937 | Lair:5   | Killed Linguinho's ghost
 13062 | Lair:6   | Entered Level 6 of the Lair of Beasts
 13431 | Lair:6   | Reached ***** piety under Makhleb
 13885 | Lair:6   | Reached XP level 14. HP: 107/133 MP: 20/20
 14209 | Lair:6   | Found a runed translucent door.
 14239 | Lair:6   | Reached skill level 15 in Fighting
 14239 | Lair:6   | Reached skill level 15 in Armour
 14253 | Lair:6   | Found a shimmering altar of Xom.
 14253 | Lair:6   | Noticed Raviolo's ghost (journeyman MiBe)
 14525 | Lair:6   | Killed Raviolo's ghost
 14806 | Lair:5   | Found a staircase to the Slime Pits.
 15688 | D:10     | Entered Level 10 of the Dungeon
 16402 | D:11     | Noticed Fannar
 16425 | D:11     | Killed Fannar
 16462 | D:11     | You fall into a shaft and drop 2 floors!
 16601 | D:13     | Reached ****** piety under Makhleb
 16710 | D:13     | Found a gate leading to a gauntlet.
 16809 | Gauntlet | Entered a Gauntlet
 16809 | Gauntlet | Found a transporter.
 16809 | Gauntlet | Found a transporter.
 16810 | Gauntlet | Found a transporter.
 16810 | Gauntlet | Found a transporter.
 16813 | Gauntlet | Found a transporter.
 16824 | Gauntlet | Found a transporter.
 16850 | Gauntlet | Found a transporter.
 16851 | Gauntlet | Found a transporter.
 16910 | Gauntlet | Found a transporter.
 16920 | Gauntlet | Found a transporter.
 16935 | Gauntlet | Found a transporter.
 16951 | Gauntlet | Found a transporter.
 16971 | Gauntlet | Identified the +3 broad axe "Killer Klown's Bane" {distort,
                  | rPois SInv}
 16971 | Gauntlet | Identified the cursed ring of Wyttollu {rPois rF- Int+2
                  | Dex-2 SInv}
 17046 | Gauntlet | Got a shimmering granite ring
 17048 | Gauntlet | Identified the ring "Was Urem" {Fire -Tele rN+ Int+3 Dex+2}
                  | (You found it in a Gauntlet)
 17129 | Gauntlet | Identified the Papyrus of Enhancements
 17219 | D:12     | Got a pair of spiked boots
 17232 | D:12     | Identified the +0 pair of boots of Conscience {rCorr} (You
                  | found it on level 12 of the Dungeon)
 17241 | D:12     | Found Bemat's Distillery.
 17264 | D:12     | Bought a potion of heal wounds for 60 gold pieces
 17264 | D:12     | Bought a potion of curing for 36 gold pieces
 17264 | D:12     | Bought 2 potions of haste for 240 gold pieces
 17264 | D:12     | Bought a potion of ambrosia for 96 gold pieces
 17264 | D:12     | Bought a potion of curing for 36 gold pieces
 17264 | D:12     | Bought a potion of haste for 120 gold pieces
 17264 | D:12     | Bought a potion of agility for 48 gold pieces
 17264 | D:12     | Bought 2 potions of flight for 72 gold pieces
 17490 | D:12     | Found a frozen archway.
 17523 | IceCv    | Entered an ice cave
 17767 | IceCv    | Reached XP level 15. HP: 146/146 MP: 21/21
 17893 | IceCv    | Noticed a frost giant
 17926 | IceCv    | Killed a frost giant
 18737 | D:11     | Found a staircase to the Orcish Mines.
 18744 | Orc:1    | Entered Level 1 of the Orcish Mines
 18781 | Orc:1    | Reached skill level 1 in Evocations
 19072 | Orc:2    | Entered Level 2 of the Orcish Mines
 19310 | Orc:2    | Found a roughly hewn altar of Beogh.
 19367 | Orc:2    | Found a staircase to the Elven Halls.
 19552 | Orc:2    | Found Nuqyh's Food Boutique.
 19554 | Orc:2    | Found Lucinu's Magic Scroll Shop.
 19971 | Orc:2    | Bought a scroll of fear for 45 gold pieces
 19971 | Orc:2    | Bought a scroll of fear for 45 gold pieces
 19971 | Orc:2    | Bought a scroll of enchant armour for 97 gold pieces
 19971 | Orc:2    | Bought a scroll of teleportation for 39 gold pieces
 20528 | Orc:2    | Reached skill level 5 in Evocations
 20703 | Orc:2    | Paralysed by an orc sorcerer for 6 turns
 20761 | Orc:2    | Found Puatzaepi's Book Shoppe.
 20761 | Orc:2    | Found a one-way gate leading to the halls of Pandemonium.
 20761 | Orc:2    | Found Plog's Antique Armour Emporium.
 20790 | Orc:2    | Bought a scorched plate armour for 616 gold pieces
 20800 | Orc:2    | Identified the +15 plate armour "Gacitt" {rElec Dex+3} (You
                  | bought it in a shop on level 2 of the Orcish Mines)
 21728 | D:13     | Reached XP level 16. HP: 140/155 MP: 24/24
 21846 | D:13     | Found a gate to the Vaults.
 21926 | D:14     | Found Dorif's Book Emporium.
 22532 | D:15     | Entered Level 15 of the Dungeon
 22566 | D:15     | Found a glowing golden altar of the Shining One.
 22653 | D:15     | Got a translucent glass ring
 22655 | D:15     | Identified the ring "Nainibo" {MP+9 Int+3} (You found it on
                  | level 15 of the Dungeon)
 22663 | D:15     | Found a staircase to the Depths.
 23186 | D:9      | Killed Harold
 23309 | Swamp:1  | Entered Level 1 of the Swamp
 23532 | Swamp:1  | Found a runed translucent door.
 24080 | Swamp:1  | Noticed PentaManta's ghost (journeyman KoHu)
 24096 | Swamp:1  | Killed PentaManta's ghost
 24199 | Swamp:1  | HP: 5/159 [six-headed hydra (15)]
 24200 | Swamp:1  | Mangled by a six-headed hydra

Levels and vault maps discovered:
D:1:      saegor_arrival_simple_e, layout_basic
D:2:      layout_loops_ring
D:3:      layout_loops_corners, gammafunk_ghost_mausoleum, first_ration
D:4:      layout_rooms, uniq_crazy_yiuf_cottage, uniq_pikel, uniq_menkaure
D:5:      layout_layer_cave, minmay_temple_entry_proselytizer, serial_shops,
          shop, uniq_eustachio
D:6:      layout_cave_pools, lemuel_zombie_altar_kikubaaqudgha
D:7:      layout_loops_corners, ebering_ghost_reflecting_pool,
          gup_ossuary_entry_pyramid
D:8:      layout_basic, grunt_livestock, kennysheep_cluttered_room,
          kennysheep_generic_room_3
D:9:      layout_irregular_city, grunt_gozag_statues,
          grunt_temple_overflow_open, nicolae_overflow_hidden_temple,
          dpeg_oklobed_lair, grunt_decor_one_mirror, uniq_harold
D:10:     layout_loops_cross
D:11:     layout_loops_ring, orc_0_dummy, uniq_fannar
D:12:     layout_roguey, portal_ice_cave_entry_imps, serial_shops,
          nicolae_shop_trees
D:13:     layout_rooms, grunt_vaults_entry_tiered, gauntlet_entry_generic
D:14:     layout_big_octagon, grunt_decor_cap, serial_shops, shop_fountains
D:15:     hangedman_depths_entry_try_elsewhere_first, layout_rooms, basic_altar,
          abandoned_shop, uniq_roxanne
Temple:   compressed_dpeg_circular_temple
Lair:1:   layout_regular_city
Lair:2:   minmay_guarded_unrand_snakebite, layout_regular_city,
          minmay_lindwurm_lava, serial_bayou_shore_b, grunt_megastairs_5
Lair:3:   layout_cave_pods, dummy_spider_entry, beast_lair_carwin_5
Lair:4:   layout_concentric_octagons, nicolae_swamp_entry_splash_gauntlet,
          chequers_serial_rivers_room_a
Lair:5:   layout_cave_pods, minmay_slime_entry_oklob_open,
          gammafunk_ghost_grave, st_stairs_3, beast_lair_carwin_1
Lair:6:   hangedman_lair_caniforms_friends, layout_big_grid,
          hangedman_lair_tendril_chambers, ebering_ghost_xom
Swamp:1:  layout_falls_marsh, ebering_ghost_reflecting_pool,
          hangedman_swamp_lotus, infiniplex_staircase_pool_2
Swamp:2:  layout_basic_swamp, hangedman_swamp_pad, swamp_pool1, worms_lemuel
Orc:1:    layout_diamond_mine
Orc:2:    pf_orc_diabolical, layout_diamond_mine, basic_altar,
          guppyfry_orc_lava_fort

Skill      XL: |  1  2  3  4  5  6  7  8  9 10 11 12 13 14 15 16 |
---------------+-------------------------------------------------+-----
Maces & Flails | 3 4 5 6 7 9 11 13 14 | 14.0
Fighting       | 7 10 12 14 16 17 18 | 18.7
Armour         | 7 10 12 14 16 17 18 | 18.7
Shields        | 5 10 | 10.0
Invocations    | 3 7 10 12 | 12.0
Evocations     | 6 |  6.2

Action                   |  1- 3 |  4- 6 |  7- 9 | 10-12 | 13-15 | 16-18 || total
-------------------------+-------+-------+-------+-------+-------+-------++-------
Melee: Flail             |    80 |    79 |   333 |   333 |   112 |    12 ||   949
       Kick              |    14 |    20 |    96 |   200 |       |       ||   330
       Headbutt          |    10 |    12 |    73 |   111 |   532 |   146 ||   884
       Whip              |       |       |       |   268 |  1808 |   532 ||  2608
Invok: Minor Destruction |       |       |       |     4 |     2 |     1 ||     7
       Lesser Servant of |       |       |       |     1 |     4 |     1 ||     6
       Major Destruction |       |       |       |       |     2 |       ||     2
       Greater Servant o |       |       |       |       |       |     1 ||     1
Evoke: Wand              |       |       |       |       |     1 |       ||     1
  Use: Scroll            |     5 |     6 |     3 |     8 |    11 |     3 ||    36
       Potion            |     7 |     4 |     4 |     5 |     5 |       ||    25
 Stab: Distracted        |       |       |       |       |     1 |       ||     1
  Eat: Chunk             |     2 |     3 |    10 |    15 |    20 |     5 ||    55
       Ration            |       |       |       |     2 |     3 |     1 ||     6
Armor: Scale mail        |    28 |    16 |     9 |       |       |       ||    53
       Chain mail        |       |       |    74 |    39 |    63 |       ||   176
       Plate armour      |       |       |       |   116 |   388 |   236 ||   740
Dodge: Dodged            |    20 |    22 |    74 |   121 |   298 |   124 ||   659
Block: Shield            |    43 |    41 |   147 |   264 |   952 |   310 ||  1757
